 Dungeon Crawl Stone Soup version 0.25.1-2-g60ff931df9 (webtiles) character file.

Game seed: 3405388025567168876

353751 Ijustatesigmund the Warrior (level 22, -7/121 HPs)
             Began as a Gargoyle Fighter on Aug 19, 2020.
             Was the Champion of Cheibriados.
             Killed from afar by a starcursed mass (16 damage)
             ... with an accursed screaming
             ... on level 5 of the Abyss.
             The game lasted 01:46:17 (41697 turns).

Ijustatesigmund the Warrior (Gargoyle Fighter)     Turns: 41697, Time: 01:46:18

Health: -7/121     AC: 48    Str: 37 (38) XL:     22   Next: 61%
Magic:  25/25      EV: 19    Int: 34      God:    Cheibriados [******]
Gold:   1567       SH: 17    Dex: 33      Spells: 20/21 levels left

rFire    + . .     SeeInvis .   O - +6 demon whip (vamp)
rCold    . . .     Gourm    .   c - +1 kite shield
rNeg     + . .     Faith    .   r - +2 plate armour {MR+}
rPois    ∞         Spirit   .   K - +1 helmet
rElec    +         Reflect  .   e - scarf {repulsion}
rCorr    .         Harm     .   i - +1 pair of gloves {Dex+3}
MR       ++...                  o - +2 pair of boots
Stlth    +.........             L - amulet of regeneration
HPRegen  0.70/turn              u - ring of Anarchy {rF+ Str+2}
MPRegen  0.19/turn              q - ring "Xaesenuc" {+Fly MP-9 AC+4 Int+9 Stlth+}

@: repel missiles, very slow
A: big wings, hooves 1, see invisible, [blurry vision 1], deterioration 1,
[frail 2], mutation resistance 1, negative energy resistance 1, electricity
resistance, [weak 1], unbreathing, petrification resistance, rot immunity, AC
+16
}: 1/15 runes: gossamer
a: Fly, Bend Time, Temporal Distortion, Slouch, Step From Time, Renounce
Religion, Evoke Flight


You were on level 5 of the Abyss.
You worshipped Cheibriados.
Cheibriados was exalted by your worship.
You were not hungry.

You visited 6 branches of the dungeon, and saw 33 of its levels.
You visited the Abyss 2 times.
You visited 1 bazaar.
You also visited: Ice Cave.

You collected 4627 gold pieces.
You spent 3060 gold pieces at shops.

Inventory:

Hand Weapons
 z - a +3 morningstar of holy wrath
 O - a +6 vampiric demon whip (weapon)
Armour
 c - a +1 kite shield (worn)
 e - a scarf of repulsion (worn)
 i - a +1 pair of gloves of dexterity (worn)
 o - a +2 pair of boots (worn)
 r - a +2 plate armour of magic resistance (worn)
 K - a +1 helmet (worn)
 Y - +0 fire dragon scales
Jewellery
 a - the ring "Besch" {+Inv AC+4}
   (You bought it in a shop in a bazaar)

   [ring of protection]

   It affects your AC (+4).
   It lets you turn invisible.
 q - the ring "Xaesenuc" (right hand) {+Fly MP-9 AC+4 Int+9 Stlth+}
   (You bought it in a shop on level 3 of the Vaults)

   [ring of protection]

   It affects your AC (+4).
   It affects your intelligence (+9).
   It affects your magic capacity (-9).
   It lets you fly.
   It makes you more stealthy.
 u - the ring of Anarchy (left hand) {rF+ Str+2}
   (You found it on level 5 of the Dungeon)

   [ring of protection from fire]

   It affects your strength (+2).
   It protects you from fire.
 w - an uncursed ring of protection from fire
 H - an uncursed ring of positive energy
 L - an amulet of regeneration (around neck)
 M - an uncursed ring of protection from magic
 T - an uncursed ring of resist corrosion
 W - an uncursed ring of ice
 X - an uncursed ring of wizardry
Wands
 b - a wand of iceblast (17)
 s - a wand of digging (6)
 D - a wand of paralysis (20)
 N - a wand of acid (34)
 P - a wand of disintegration (11)
 R - a wand of enslavement (14)
 S - a wand of flame (32)
 V - a wand of clouds (7)
Scrolls
 g - 5 scrolls of fog
 h - 18 scrolls of teleportation
 j - 9 scrolls of remove curse
 t - 8 scrolls of magic mapping
 v - a scroll of enchant weapon
 y - 7 scrolls of fear
 C - 9 scrolls of identify
 G - 5 scrolls of blinking
 J - 4 scrolls of amnesia
 Q - 2 scrolls of summoning
Potions
 d - 3 potions of stabbing
 k - 14 potions of curing
 l - a potion of invisibility
 m - 8 potions of brilliance
 n - 5 potions of lignification
 p - 3 potions of magic
 x - 5 potions of might
 A - 2 potions of cancellation
 E - 11 potions of ambrosia
 F - 11 potions of heal wounds
 I - 5 potions of mutation
 Z - 2 potions of resistance
Miscellaneous
 B - 3 phantom mirrors
Comestibles
 f - 70 rations


   Skills:
 + Level 20.1 Fighting
 + Level 16.8 Maces & Flails
 - Level 14.5 Armour
 - Level 10.1 Dodging
 + Level 9.3 Stealth
 - Level 11.0 Shields
 - Level 10.0 Translocations
 + Level 17.8 Invocations
 - Level 9.6 Evocations


You had 20 spell levels left.
You knew the following spells:

 Your Spells              Type           Power        Failure   Level  Hunger
a - Apportation           Tloc           ######       1%          1    ##.....

Your spell library contained the following spells:

 Spells                   Type           Power        Failure   Level  Hunger
 Portal Projectile        Hex/Tloc       ####..       19%         3    ####...
 Animate Skeleton         Necr           N/A          45%         1    ##.....
 Corona                   Hex            #......      45%         1    ##.....
 Pain                     Necr           #...         45%         1    ##.....
 Sandblast                Erth           #.....       45%         1    ##.....
 Sting                    Tmut/Pois      #...         45%         1    ##.....
 Summon Small Mammal      Summ           #...         45%         1    ##.....
 Corpse Rot               Necr/Air       N/A          58%         2    ###....
 Passwall                 Tmut/Erth      #.......     58%         2    ###....
 Poisonous Vapours        Pois/Air       #.....       58%         2    ###....
 Slow                     Hex            #.......     58%         2    ###....
 Ignite Poison            Fire/Tmut/Pois #.......     83%         3    ####...
 Inner Flame              Hex/Fire       #.......     83%         3    ####...
 Mephitic Cloud           Conj/Pois/Air  #.......     83%         3    ####...
 Stone Arrow              Conj/Erth      #.....       83%         3    ####...
 Vampiric Draining        Necr           #.........   83%         3    ####...
 Animate Dead             Necr           N/A          99%         4    #####..
 Cause Fear               Hex            #.........   99%         4    #####..
 Hailstorm                Conj/Ice       #.......     99%         4    #####..
 Ice Form                 Ice/Tmut       #.......     99%         4    #####..
 Leda's Liquefaction      Hex/Erth       #.........   99%         4    #####..
 Olgreb's Toxic Radiance  Pois           #.......     99%         4    #####..
 Petrify                  Tmut/Erth      #.......     99%         4    #####..
 Summon Ice Beast         Ice/Summ       #.......     99%         4    #####..
 Agony                    Necr           #.......     100%        5    ######.
 Bolt of Magma            Conj/Fire/Erth #.........   100%        5    ######.
 Irradiate                Conj/Tmut      #.........   100%        5    ######.
 Iskenderun's Battlesphe  Conj/Chrm      #.......     100%        5    ######.
 Lee's Rapid Deconstruct  Erth           #.........   100%        5    ######.
 Metabolic Englaciation   Hex/Ice        #.........   100%        5    ######.
 Death Channel            Necr           #.........   100%        6    #######
 Freezing Cloud           Conj/Ice/Air   #.........   100%        6    #######
 Hydra Form               Tmut           #.........   100%        6    #######
 Iron Shot                Conj/Erth      #.........   100%        6    #######
 Ozocubu's Refrigeration  Ice            #.........   100%        6    #######
 Simulacrum               Ice/Necr       #.........   100%        6    #######
 Dragon Form              Tmut           #.........   100%        7    #######
 Haunt                    Necr/Summ      #.........   100%        7    #######
 Orb of Destruction       Conj           #.........   100%        7    #######
 Spellforged Servitor     Conj/Summ      #.........   100%        7    #######
 Borgnjor's Revivificati  Necr           #.........   100%        8    #######
 Death's Door             Chrm/Necr      #.........   100%        8    #######
 Infestation              Necr           #.........   100%        8    #######
 Necromutation            Tmut/Necr      #.........   100%        8    #######
 Statue Form              Tmut/Erth      Unusable     N/A         6    N/A

Dungeon Overview and Level Annotations

Branches:
Dungeon (15/15)            Temple (1/1) D:7            Lair (6/6) D:10
  Swamp (0/4) Lair:2       Spider (4/4) Lair:4        Slime (0/5) Lair:6
    Orc (2/2) D:12            Elf (0/3) Orc:2        Vaults (5/5) D:13
  Crypt (0/3) Vaults:3     Depths (0/5) D:15          IceCv (visited)

Altars:
Ashenzari
Cheibriados
Dithmenos
Elyvilon
Fedhas
Gozag
Hepliaklqana
Kikubaaqudgha
Makhleb
Nemelex Xobeh
Okawaru
Qazlal
Ru
Sif Muna
Trog
Uskayaw
Vehumet
Wu Jian
Xom
Yredelemnul
Zin
The Shining One
Beogh

Shops:
D:4 %   D:14 *!?}   Orc:2 ?!}   Vaults:1 %   Vaults:3 =

Portals:
Pandemonium: Orc:2

Annotations:
Lair:6 exclusion: 2 oklob plants


Innate Abilities, Weirdness & Mutations

You are resistant to torment.
Your stone body is resilient. (AC +16)
You are immune to poison.
Your large and strong wings let you fly indefinitely.
You resist negative energy. (rN+)
You are resistant to electric shocks. (rElec)
You can survive without breathing.
You are immune to petrification.
You are immune to rotting.
You have large cloven feet.
You have supernaturally acute eyesight. (SInv)
Your body sometimes deteriorates upon taking damage.
You are somewhat resistant to further mutation.
[Scrolls take you a little longer to read.]
[You are very frail. (-20% HP)]
[You are weak. (Str -2)]


Message History

[Y]es or [N]o only, please.
Really read with blurry vision while enemies are nearby? [Y]es or [N]o only, please.
Really read with blurry vision while enemies are nearby?
A starcursed mass splits.
A cacophony of accursed wailing tears at your sanity!
* * * LOW HITPOINT WARNING * * *
You suddenly lose the ability to move!
The starcursed mass engulfs you but does no damage.
The starcursed mass engulfs you but does no damage. x2
The starcursed mass barely misses you.
The starcursed mass engulfs you but does no damage. x2
The starcursed mass barely misses you.
A cacophony of accursed wailing tears at your sanity!
* * * LOW HITPOINT WARNING * * *
You can move again.
You begin reading the scroll.
You continue reading the scroll.
The starcursed mass barely misses you.
A cacophony of accursed wailing tears at your sanity!
You die...

. . .# # . # . .#
.. . . . . # #.. §
#.######## X## .
.......#.##XX #
#..##..##X# .
#####..#..#X# ≈≈≈
≈≈≈≈≈≈≈≈@X## ≈≈
≈≈≈≈≈≈≈≈≈≈XX.# ≈ ≈
≈≈≈≈≈≈≈≈≈..# ≈≈
≈≈≈≈≈≈≈≈≈≈≈≈.....
≈≈≈≈≈≈≈≈≈≈≈.≈≈.#.≈.
≈
≈≈≈≈≈≈≈≈≈..≈#..#..
≈≈≈≈≈≈≈≈#######..#
. # #≈##≈# ..# ..
.. #


You could see 8 starcursed masses.

Vanquished Creatures
  An ancient lich (Vaults:5)
  Margery (Vaults:2)
  Frederick (Vaults:3)
  A golden dragon (Vaults:5)
  Rupert (D:12)
  A tentacled monstrosity (Vaults:5)
  A titan (Vaults:5)
  A quicksilver dragon (Vaults:5)
  A sphinx (Vaults:5)
  2 ancient champions (Vaults:3)
  2 tengu reavers (Vaults:4)
  4 tentacled starspawn
  The ghost of Ijustatesigmund the Severer, an adept MiFi of Cheibriados (D:15)
  3 shadow dragons
  3 storm dragons
  3 fire giants
  A frost giant (Vaults:5)
  7 emperor scorpions
  2 deep elf sorcerers
  2 deep elf elementalists
  10 vault wardens
  A cacodemon (Abyss:5)
  5 ghost moths
  16 ironheart preservers
  A war gargoyle (Vaults:5)
  8 stone giants
  6 very ugly things
  7 entropy weavers
  A deep elf demonologist (Vaults:5)
  A deep elf annihilator (Vaults:4)
  2 spark wasps
  A spark wasp (shapeshifter) (Vaults:5)
  Azrael (D:14)
  The ghost of raetorn the Unseen, a journeyman VSBe of Trog (Spider:1)
  A deep elf death mage (Vaults:4)
  The ghost of infcreate the Fighter, a journeyman HuBe of Trog (D:10)
  2 ettins
  A great orb of eyes (Vaults:2)
  3 fire dragons (Vaults:3)
  11 yaktaur captains
  2 deep elf high priests (Vaults:5)
  Harold (D:10)
  Josephine (D:11)
  6 hydras
  4 ice dragons
  28 vault guards
  Erolcha (D:10)
  A catoblepas (Lair:5)
  A merfolk avatar (Lair:6)
  9 centaur warriors
  A queen ant (Lair:3)
  45 two-headed ogres
  3 death knights
  A vampire mage (Vaults:3)
  3 deep troll earth magi
  A dancing weapon (Vaults:5)
  9 thrashing horrors
  4 hell knights (Vaults:2)
  A sun demon (Orc:2)
  11 ogre magi
  Urug (D:10)
  4 orc high priests (Orc:2)
  2 soul eaters (Orc:2)
  8 deep elf knights
  4 large abominations
  10 skeletal warriors
  2 sixfirhies
  2 wretched stars
  An infernal demonspawn (Orc:2)
  A death drake (shapeshifter) (Vaults:5)
  2 gelid demonspawn (Orc:2)
  5 unseen horrors
  2 glowing orange brains
  12 deep trolls
  15 deep elf archers
  3 flayed ghosts
  A necromancer (Vaults:3)
  A lindwurm (shapeshifter) (Vaults:2)
  3 phantasmal warriors
  14 ironbrand convokers
  2 wizards
  A mana viper (shapeshifter) (Vaults:4)
  A harpy (Lair:6)
  16 orc knights
  An orb spider (shapeshifter) (Vaults:2)
  19 ugly things
  29 wolf spiders
  24 orb spiders
  5 oklob plants
  A wolf spider (shapeshifter) (Vaults:5)
  18 deep elf magi
  8 cyclopes
  4 manticores
  8 orc sorcerers (Orc:2)
  A stone giant zombie (Vaults:3)
  5 moths of wrath
  3 ice statues (IceCv)
  5 black mambas
  Joseph (D:7)
  4 elephants (Lair:6)
  6 orange demons
  2 torpor snails
  A stone giant skeleton (Abyss:3)
  An orc skeleton (Vaults:3)
  13 vault sentinels
  A smoke demon (Abyss:5)
  A gargoyle (D:14)
  10 spiny frogs
  7 komodo dragons
  5 rime drakes
  2 ice devils (Orc:2)
  17 demonic crawlers
  26 yaktaurs
  2 hellwings
  7 trolls
  A yaktaur (shapeshifter) (Vaults:3)
  13 freezing wraiths
  2 tengu conjurers (D:15)
  A queen bee (D:9)
  A troll (shapeshifter) (Abyss:5)
  45 jumping spiders
  3 polar bears
  15 hornets
  5 raiju
  A harpy skeleton (D:14)
  A wind drake (Lair:6)
  19 blink frogs
  5 dream sheep
  An ettin zombie (Vaults:3)
  19 slime creatures
  13 hippogriffs
  2 bog bodies (Lair:2)
  78 redbacks
  3 small abominations
  24 tarantellas
  A vampire (D:12)
  7 wraiths
  2 centaur simulacra (D:15)
  A spriggan (shapeshifter) (Vaults:2)
  A water elemental (D:13)
  2 shadows
  A wyvern (D:8)
  2 ynoxinuls
  24 yaks
  Sigmund (D:3)
  2 fire bats (Abyss:3)
  A human (shapeshifter) (Vaults:1)
  A yak (shapeshifter) (Vaults:4)
  A fire elemental (D:14)
  3 basilisks
  2 neqoxecs (Abyss:5)
  5 golden eyes (Abyss:3)
  2 chaos spawn (Abyss:5)
  4 vampire mosquitoes (D:12)
  A warg (shapeshifter) (Vaults:2)
  2 hungry ghosts
  A yaktaur simulacrum (Vaults:3)
  6 wargs
  14 water moccasins
  2 acid dragons
  An acid dragon (shapeshifter) (Vaults:1)
  3 hell hounds (D:14)
  20 soldier ants
  Duvessa (D:4)
  A swamp drake (D:12)
  8 porcupines
  A floating eye (shapeshifter) (Vaults:5)
  49 orc warriors
  An eye of draining (shapeshifter) (D:14)
  9 ice beasts
  5 black bears
  3 phantoms
  A necrophage (D:11)
  4 sky beasts
  30 ogres
  10 wolves
  An alligator simulacrum (Abyss:3)
  3 eyes of draining
  26 centaurs
  9 crocodiles
  19 bullfrogs
  2 big kobolds
  A gnoll sergeant (D:8)
  A human skeleton (Vaults:3)
  Dowan (D:4)
  A wyvern skeleton (D:12)
  A hornet simulacrum (D:13)
  10 scorpions
  A human simulacrum (Vaults:3)
  A water moccasin skeleton (D:10)
  28 killer bees
  2 vampire bats (D:3)
  7 wights
  2 electric eels
  6 howler monkeys
  7 crimson imps
  A bullfrog zombie (D:12)
  5 centaur zombies
  5 quasits
  31 orc priests
  8 centaur skeletons
  6 hounds
  3 jellies
  28 orc wizards
  3 bullfrog skeletons
  Natasha (thrice) (D:2)
  3 iguanas
  27 worker ants
  6 hell rats (Lair:6)
  A killer bee zombie (D:10)
  A bullfrog simulacrum (D:13)
  A mummy (D:4)
  A hound skeleton (D:5)
  Robin (D:2)
  16 gnolls
  3 river rats (D:4)
  10 adders
  4 shadow imps
  2 white imps (D:13)
  2 ufetubi (D:13)
  2 oozes
  An adder skeleton (D:6)
  4 worms
  A dart slug (D:3)
  6 leopard geckos
  117 orcs
  A ball python (D:1)
  2 bat skeletons (D:3)
  5 bat zombies (D:3)
  9 giant cockroaches
  15 goblins
  12 hobgoblins
  10 jackals
  9 quokkas
  8 bats
  9 frilled lizards
  A hobgoblin zombie (D:4)
  A jackal zombie (D:6)
  17 kobolds
  A kobold zombie (D:4)
  A leopard gecko zombie (D:8)
  14 rats
  2 fungi
  3 plants
  5 starspawn tentacles
1646 creatures vanquished.

Vanquished Creatures (others)
  A deep elf mage (Vaults:3)
  A redback (Spider:2)
  An ogre (Vaults:5)
  A centaur (Vaults:4)
  An orc (Vaults:5)
  3 fungi
  12 plants
  7 starspawn tentacles
27 creatures vanquished.

Grand Total: 1673 creatures vanquished

Notes
Turn   | Place    | Note
-------+----------+-------------------------------------------
     0 | D:1      | Ijustatesigmund the Gargoyle Fighter began the quest for
                  | the Orb.
     0 | D:1      | Reached XP level 1. HP: 14/14 MP: 1/1
   348 | D:1      | Reached XP level 2. HP: 18/19 MP: 2/2
   858 | D:1      | Reached XP level 3. HP: 24/24 MP: 3/3
  1032 | D:2      | Noticed Natasha
  1041 | D:2      | Killed Natasha
  1041 | D:2      | Reached skill level 4 in Fighting
  1229 | D:2      | Reached XP level 4. HP: 29/29 MP: 4/4
  1401 | D:2      | Noticed Natasha
  1410 | D:2      | Killed Natasha
  1551 | D:2      | Found a stormy altar of Qazlal.
  1573 | D:2      | Noticed Robin
  1592 | D:2      | Reached XP level 5. HP: 23/34 MP: 5/5
  1619 | D:2      | Killed Robin
  1636 | D:2      | Noticed Natasha
  1652 | D:2      | Killed Natasha
  2015 | D:2      | Found a sparkling altar of Nemelex Xobeh.
  3138 | D:3      | Reached skill level 5 in Maces & Flails
  3195 | D:3      | Reached XP level 6. HP: 40/40 MP: 6/6
  3460 | D:3      | Reached skill level 5 in Fighting
  3568 | D:3      | Noticed Sigmund
  3586 | D:3      | Killed Sigmund
  3700 | D:3      | Found an ancient bone altar of Kikubaaqudgha.
  3709 | D:3      | Reached XP level 7. HP: 44/44 MP: 7/7
  4044 | D:4      | Found a sand-covered staircase.
  4151 | D:4      | Reached skill level 6 in Fighting
  4270 | D:4      | Noticed Dowan
  4270 | D:4      | Noticed Duvessa
  4296 | D:4      | Killed Duvessa
  4296 | D:4      | Reached XP level 8. HP: 33/51 MP: 8/8
  4306 | D:4      | Killed Dowan
  4634 | D:4      | Reached skill level 5 in Armour
  4787 | D:4      | Reached skill level 5 in Shields
  4952 | D:4      | Found Lir Wen's Food Shop.
  5264 | D:5      | Entered Level 5 of the Dungeon
  5399 | D:5      | Reached skill level 7 in Fighting
  5689 | D:5      | Got an ancient lapis lazuli ring
  5690 | D:5      | Identified the ring of Anarchy {rF+ Str+2} (You found it on
                  | level 5 of the Dungeon)
  5707 | D:5      | Reached XP level 9. HP: 49/57 MP: 9/9
  6914 | D:6      | Found a shimmering blue altar of Sif Muna.
  6915 | D:6      | Found an opulent altar of Gozag.
  6915 | D:6      | Found a bloodstained altar of Trog.
  6915 | D:6      | Found a radiant altar of Vehumet.
  6967 | D:6      | Found an ornate altar of the Wu Jian Council.
  6967 | D:6      | Found a hazy altar of Hepliaklqana.
  7231 | D:7      | Found a staircase to the Ecumenical Temple.
  7282 | Temple   | Entered the Ecumenical Temple
  7554 | D:7      | Gained mutation: You have large cloven feet. [potion of
                  | mutation]
  7554 | D:7      | Gained mutation: You have supernaturally acute eyesight.
                  | (SInv) [potion of mutation]
  7554 | D:7      | Gained mutation: You are somewhat resistant to further
                  | mutation. [potion of mutation]
  7828 | D:7      | Reached skill level 8 in Fighting
  7950 | D:7      | Noticed Joseph
  7962 | D:7      | Killed Joseph
  7962 | D:7      | Reached skill level 1 in Dodging
  8002 | D:7      | Found a sacrificial altar of Ru.
  8143 | D:7      | Found a glowing golden altar of the Shining One.
  8241 | D:8      | Found a burning altar of Makhleb.
  8245 | D:8      | Noticed a balrug
  8246 | D:8      | Found a glowing silver altar of Zin.
  8247 | D:8      | Noticed an angel
  8266 | D:8      | Got a translucent leather armour
  8277 | D:8      | Identified the +6 leather armour of the Invisible Wonders
                  | {MR++} (You found it on level 8 of the Dungeon)
  8547 | D:8      | Noticed a two-headed ogre
  8566 | D:8      | Killed a two-headed ogre
  8566 | D:8      | Reached skill level 9 in Fighting
  8566 | D:8      | Reached XP level 10. HP: 30/66 MP: 10/10
  9813 | D:9      | Reached skill level 10 in Fighting
  9931 | D:9      | Reached skill level 10 in Maces & Flails
 10148 | D:9      | Reached XP level 11. HP: 56/73 MP: 11/11
 10755 | D:9      | Reached skill level 11 in Fighting
 10939 | D:10     | Entered Level 10 of the Dungeon
 10985 | D:10     | Noticed Urug
 10989 | D:10     | Noticed Erolcha
 11001 | D:10     | Killed Urug
 11009 | D:10     | Killed Erolcha
 11202 | D:10     | Noticed a two-headed ogre
 11211 | D:10     | Killed a two-headed ogre
 11303 | D:10     | Noticed Harold
 11318 | D:10     | Killed Harold
 11421 | D:10     | Noticed a two-headed ogre
 11434 | D:10     | Killed a two-headed ogre
 11434 | D:10     | Reached skill level 12 in Fighting
 11465 | D:10     | Found a staircase to the Lair.
 11749 | D:10     | Noticed a two-headed ogre
 11764 | D:10     | Killed a two-headed ogre
 11947 | D:10     | Found a bloodstained altar of Trog.
 12012 | D:10     | Reached XP level 12. HP: 75/82 MP: 12/12
 12247 | D:10     | Found a runed translucent gate.
 12247 | D:10     | Noticed infcreate's ghost (journeyman HuBe)
 12248 | D:10     | Found a runed translucent gate.
 12249 | D:10     | Found a runed translucent gate.
 12251 | D:10     | Found a roughly hewn altar of Beogh.
 12282 | D:10     | Killed infcreate's ghost
 12576 | Temple   | Became a worshipper of Cheibriados the Contemplative
 12723 | D:11     | Reached skill level 1 in Invocations
 13063 | D:11     | Found a shimmering blue altar of Sif Muna.
 13176 | D:11     | Reached * piety under Cheibriados
 13598 | D:11     | Noticed Josephine
 13620 | D:11     | Killed Josephine
 13911 | D:12     | Reached skill level 5 in Invocations
 14004 | D:12     | Noticed a two-headed ogre
 14012 | D:12     | Killed a two-headed ogre
 14024 | D:12     | Reached ** piety under Cheibriados
 14378 | D:12     | Noticed Rupert
 14413 | D:12     | Killed Rupert
 14413 | D:12     | Reached skill level 13 in Fighting
 14413 | D:12     | Reached XP level 13. HP: 57/88 MP: 16/18
 14806 | D:12     | Reached *** piety under Cheibriados
 14839 | D:12     | Found a staircase to the Orcish Mines.
 15312 | D:13     | Reached skill level 10 in Armour
 15632 | D:13     | Reached **** piety under Cheibriados
 15633 | D:13     | Noticed an ironheart preserver
 15734 | D:13     | Killed an ironheart preserver
 15734 | D:13     | Reached skill level 5 in Dodging
 15874 | D:13     | Found a gate to the Vaults.
 15989 | D:13     | Gained mutation: Your large and strong wings let you fly
                  | indefinitely. [Gargoyle growth]
 15989 | D:13     | Reached XP level 14. HP: 95/95 MP: 18/20
 16334 | D:13     | Reached ***** piety under Cheibriados
 16509 | D:14     | You fall into a shaft and drop 1 floor!
 16509 | D:15     | Entered Level 15 of the Dungeon
 16737 | D:14     | Reached skill level 14 in Fighting
 16771 | D:14     | Found Degogem's Distillery.
 17036 | D:14     | Bought a potion of heal wounds for 90 gold pieces
 17036 | D:14     | Bought a potion of invisibility for 144 gold pieces
 17036 | D:14     | Bought a potion of curing for 54 gold pieces
 17520 | D:14     | Found Qytaycup's General Store.
 17523 | D:14     | Found a blossoming altar of Fedhas.
 17641 | D:14     | Noticed Azrael
 17655 | D:14     | Reached XP level 15. HP: 83/100 MP: 22/22
 17662 | D:14     | Killed Azrael
 17944 | D:14     | Found Asyh's Gadget Shoppe.
 18383 | D:14     | Found Oteloqom's Magic Scroll Shoppe.
 18391 | D:14     | Bought a scroll of enchant weapon for 120 gold pieces
 18391 | D:14     | Bought a scroll of teleportation for 48 gold pieces
 18391 | D:14     | Bought a scroll of teleportation for 48 gold pieces
 18635 | D:15     | Reached ****** piety under Cheibriados
 18663 | D:15     | Reached skill level 10 in Invocations
 18897 | D:15     | Found a runed translucent door.
 19001 | D:15     | Noticed Ijustatesigmund's ghost (adept MiFi)
 19002 | D:15     | Found the cursed +14 obsidian axe {vorpal, +Fly SInv
                  | *Curse}
 19329 | D:15     | Killed Ijustatesigmund's ghost
 19697 | D:15     | Reached skill level 10 in Shields
 20006 | D:15     | Found a staircase to the Depths.
 20028 | D:15     | Reached skill level 15 in Fighting
 20388 | Orc:1    | Entered Level 1 of the Orcish Mines
 20516 | Orc:2    | Entered Level 2 of the Orcish Mines
 21487 | Orc:2    | Found Esigof's Distillery.
 21770 | Orc:2    | Found Keunlel's Magic Scroll Shop.
 21859 | Orc:2    | Bought a potion of curing for 42 gold pieces
 21859 | Orc:2    | Bought a potion of heal wounds for 70 gold pieces
 21873 | Orc:2    | Bought a scroll of blinking for 120 gold pieces
 21873 | Orc:2    | Bought a scroll of enchant armour for 120 gold pieces
 22209 | Orc:2    | Reached XP level 16. HP: 108/108 MP: 24/24
 22649 | Orc:2    | Found Zialaag's Gadget Emporium.
 22649 | Orc:2    | Found Xuucir's Antique Weapon Shoppe.
 22650 | Orc:2    | Found a one-way gate leading to the halls of Pandemonium.
 23018 | Orc:2    | Found a staircase to the Elven Halls.
 23198 | Lair:1   | Entered Level 1 of the Lair of Beasts
 24072 | Lair:2   | Found a staircase to the Swamp.
 25938 | Lair:4   | Reached skill level 16 in Fighting
 26396 | Lair:4   | Found a hole to the Spider Nest.
 27303 | Lair:5   | Got a brightly glowing whip
 27304 | Lair:5   | Identified the cursed +1 whip of Waequkh {protect, Int+4}
                  | (You found it on level 5 of the Lair of Beasts)
 27658 | Lair:6   | Entered Level 6 of the Lair of Beasts
 27689 | Lair:6   | Found a frozen archway.
 27709 | IceCv    | Entered an ice cave
 27968 | IceCv    | Reached XP level 17. HP: 92/115 MP: 26/26
 28002 | IceCv    | Identified Sif Muna's Handbook of Sinister Secrets and Cold
 28725 | Lair:6   | Found a staircase to the Slime Pits.
 28887 | Lair:6   | Found the +8 lance "Wyrmbane" {slay drac, rPois rF+ rC+
                  | AC+3}
 29155 | Spider:1 | Entered Level 1 of the Spider Nest
 29279 | Spider:1 | Reached skill level 1 in Evocations
 29803 | Spider:1 | Found a runed translucent door.
 29803 | Spider:1 | Noticed raetorn's ghost (journeyman VSBe)
 29810 | Spider:1 | Killed raetorn's ghost
 30186 | Spider:2 | You fall into a shaft and drop 1 floor!
 30351 | Spider:3 | Reached skill level 17 in Fighting
 30654 | Spider:3 | Identified the cursed +1 ring mail "Jurapnurch" {rN+} (You
                  | found it on level 3 of the Spider Nest)
 30997 | Spider:4 | Entered Level 4 of the Spider Nest
 31485 | Spider:4 | Reached XP level 18. HP: 124/124 MP: 25/28
 32221 | Spider:4 | Got a gossamer rune of Zot
 32610 | Spider:2 | Paralysed by a Zot trap for 3 turns
 33754 | Spider:2 | Reached skill level 15 in Invocations
 34073 | Vaults:1 | Entered Level 1 of the Vaults
 34108 | Vaults:1 | Reached skill level 18 in Fighting
 34766 | Vaults:1 | Reached XP level 19. HP: 130/130 MP: 30/30
 34776 | Vaults:1 | Reached skill level 10 in Dodging
 35129 | Vaults:1 | Found Juvym's Food Emporium.
 35871 | Vaults:1 | Reached skill level 15 in Maces & Flails
 36078 | Vaults:2 | Identified a scroll of acquirement
 36107 | Vaults:2 | Noticed Margery
 36119 | Vaults:2 | Killed Margery
 36291 | Vaults:2 | Found a flickering gateway to a bazaar.
 36301 | Bazaar   | Entered a bazaar
 36318 | Bazaar   | Found Fops's General Store.
 36322 | Bazaar   | Found Qopiaq's Gadget Boutique.
 36322 | Bazaar   | Found Hots's Jewellery Boutique.
 36323 | Bazaar   | Found Repnof's Food Boutique.
 36354 | Bazaar   | Bought 2 scrolls of fog for 60 gold pieces
 36370 | Bazaar   | Bought the ring "Besch" {+Inv AC+4} for 850 gold pieces
 36378 | Bazaar   | Bought a wand of acid (7) for 286 gold pieces
 36378 | Bazaar   | Bought a wand of acid (9) for 338 gold pieces
 36515 | Vaults:2 | Reached skill level 5 in Evocations
 36526 | Vaults:2 | Acquired a scarf of repulsion
 37405 | Vaults:2 | Reached XP level 20. HP: 137/137 MP: 32/32
 37733 | Vaults:3 | Found a staircase to the Crypt.
 38104 | Vaults:3 | Found Obluirueto's Jewellery Emporium.
 38112 | Vaults:3 | Learned a level 1 spell: Apportation
 38112 | Vaults:3 | Bought the ring "Xaesenuc" {+Fly MP-9 AC+4 Int+9 Stlth+}
                  | for 670 gold pieces
 38152 | Vaults:3 | Reached skill level 1 in Translocations
 38268 | Vaults:3 | Noticed Frederick
 38281 | Vaults:3 | Killed Frederick
 38540 | Vaults:3 | Reached skill level 5 in Translocations
 39661 | Vaults:4 | Reached XP level 21. HP: 143/143 MP: 24/33
 39888 | Vaults:4 | Reached skill level 10 in Translocations
 40151 | Vaults:4 | Reached skill level 1 in Stealth
 40153 | Vaults:4 | Reached skill level 19 in Fighting
 40189 | Vaults:4 | Cast into level 3 of the Abyss (a deep elf sorcerer)
 40189 | Abyss:3  | Found a corrupted altar of Lugonu.
 40462 | Vaults:4 | Escaped the Abyss
 40646 | Vaults:5 | Entered Level 5 of the Vaults
 40647 | Vaults:5 | Noticed a golden dragon
 40801 | Vaults:4 | Reached skill level 5 in Stealth
 40868 | Vaults:5 | Identified the +2 robe of Contentment {rPois}
 40871 | Vaults:5 | Noticed an ancient lich
 40937 | Vaults:5 | Killed a golden dragon
 40976 | Vaults:5 | Killed an ancient lich
 41037 | Vaults:5 | Reached XP level 22. HP: 135/151 MP: 25/34
 41092 | Vaults:5 | Identified the +8 glaive of Strategic Superiority {flame,
                  | rN+}
 41341 | Vaults:5 | Reached skill level 20 in Fighting
 41424 | Vaults:5 | Noticed an ancient lich
 41452 | Vaults:5 | Cast into level 5 of the Abyss (an ancient lich)
 41452 | Abyss:5  | Entered Level 5 of the Abyss
 41642 | Abyss:5  | Gained mutation: Your body sometimes deteriorates upon
                  | taking damage. [a neqoxec]
 41694 | Abyss:5  | Paralysed by accursed screaming for 2 turns
 41697 | Abyss:5  | Killed from afar by a starcursed mass

Illustrated notes

Levels and vault maps discovered:
D:1:      dpeg_arrival_tiny_c, layout_basic
D:2:      layout_basic, nemelex_altar_shiori, lemuel_doored_altar,
          chequers_arboretum, minmay_vboxes, uniq_robin, uniq_natasha
D:3:      layout_basic, kennysheep_vampire_church, uniq_sigmund
D:4:      layout_basic, first_ration, portal_sewer_entry_e, serial_shops, shop,
          nicolae_ossuary_entry_giza, guppyfry_early_orc_mine, uniq_duvessa
D:5:      layout_rooms
D:6:      layout_basic, minmay_overflow_temple_hex, serial_park_tiny_1
D:7:      layout_loops_ring, nicolae_overflow_hidden_temple,
          nicolae_tso_swordbearing_angel, minmay_temple_entry_large_hall,
          moated_statue, uniq_joseph
D:8:      layout_basic, grunt_temple_overflow_order_and_chaos_2
D:9:      layout_roguey, special_room [special_room_bee]
D:10:     layout_loops_ring, lair_entry_dummy, basic_altar,
          biasface_ghost_orc_armoury, uniq_harold, uniq_erolcha, uniq_urug
D:11:     layout_basic, hangedman_pestilent_swarm, lemuel_oklob_altar,
          uniq_josephine
D:12:     layout_cave_pods, erik_orc_1, minmay_misc_feat_rows,
          minmay_misc_feat_nine_boxes, lightli_fourway_metalbox, uniq_rupert
D:13:     layout_basic, skrybe_vaults_entry_preservation, serial_ice,
          serial_ice_e, serial_ice_b, serial_ice_o, serial_ice_n,
          einodemon_barbed_minivault
D:14:     layout_basic, fedhas_altar_1, serial_shops,
          nicolae_shop_window_shopping, shop, shop, shop, uniq_azrael
D:15:     grunt_enter_depths_snipers, layout_basic,
          ebering_ghost_reflecting_pool, serial_park_tiny_pond,
          serial_park_tiny_1
Temple:   chequers_temple_sunken
Lair:1:   layout_cave_pods, serial_bayou_shore_b, grunt_megastairs_2
Lair:2:   layout_chaotic_city, skrybe_swamp_entry_bodies, serial_bayou_shore_b
Lair:3:   layout_misc_corridors
Lair:4:   layout_layer_cave, nicolae_spider_entry_non_spiders,
          zaba_antful_of_joy, serial_bayou_shore_a
Lair:5:   layout_roguey, minmay_lair_oklob_chamber
Lair:6:   gammafunk_lair_ancient_temple, layout_cave_pods,
          minmay_slime_entry_oklob_enclosed, portal_ice_cave_entry_pillars_2,
          minivault_24
Spider:1: layout_spider_delve, ebering_ghost_reflecting_pool
Spider:2: mumra_spider_spiderweb, nicolae_spider_shape
Spider:3: layout_spider_delve, drop_trap
Spider:4: grunt_spider_rune_circles
Orc:1:    layout_caves
Orc:2:    pf_orc_diabolical, layout_diamond_mine
Vaults:1: nicolae_vaults_big_angled_halls, hangedman_vaults_corner_blocks,
          vaults_room_pools, nicolae_vaults_little_squares_2,
          nicolae_vaults_border_crossing, v_rooms_1,
          nicolae_vaults_circle_grid_a, nicolae_vaults_angled_halls,
          v_pattern_4, nicolae_vaults_quartermaster, v_misc_15,
          vaults_dpeg_hooks, vaults_standard_mumra_lines,
          layout_vaults_omnigrid, serial_shops, nicolae_shop_trees
Vaults:2: ontoclasm_vaults_echo, v_misc_27, v_misc_26,
          nicolae_vaults_angled_halls, vaults_dpeg_spiral,
          nicolae_vaults_rhombus_5, v_misc_13, nicolae_vaults_little_squares_6,
          nicolae_vaults_what_the_h, layout_vaults_ring, serial_shops,
          bzr_firewalk, uniq_margery
Vaults:3: vaults_mumra_lcd, ontoclasm_vaults_ring_square,
          minmay_crypt_entry_simple_walls, ontoclasm_vaults_hangar,
          nicolae_vaults_mini_display_case, nicolae_vaults_little_squares_5,
          grunt_vaults_hallway_long, vaults_dpeg_ring, grunt_vaults_twisty,
          v_misc_5, vaults_room_door_hall, hangedman_vaults_stitches,
          nicolae_vaults_circle_grid_a, v_alt_pattern_5,
          nicolae_vaults_asterisk, layout_vaults_omnibox, serial_shops,
          nicolae_shop_trees, uniq_frederick
Vaults:4: vaults_room_pools, nicolae_vaults_network_star,
          nicolae_vaults_angled_halls, vaults_mumra_hexcomb,
          nicolae_vaults_specimen_jars, v_misc_10, ontoclasm_vaults_ring_small,
          vaults_dpeg_cross, layout_vaults_big_room
Vaults:5: serial_shops
Abyss:5:  base: Vaults:3, grunt_abyss_rune_wretched_hive,
          evilmike_abyss_exit_kraken, bh_silent_lugonu_exit,
          evilmike_nicolae_abyss_rune_betentacled_crabyss

Skill      XL: |  1  2  3  4  5  6  7  8  9 10 11 12 13 14 15 16 17 18 19 20 21 22 |
---------------+-------------------------------------------------------------------+-----
Maces & Flails | 3 4 5 6 7 9 10 12 13 14 15 16 | 16.8
Fighting       | 4 5 6 7 9 10 12 13 14 15 16 17 18 19 20 | 20.1
Armour         | 4 5 6 9 10 11 13 14 | 14.5
Shields        | 4 5 6 7 8 10 11 | 11.0
Dodging        | 3 4 5 6 8 9 10 | 10.1
Invocations    | 7 8 9 11 12 14 15 16 17 | 17.8
Evocations     | 4 7 9 |  9.6
Translocations | 9 10 | 10.0
Stealth        | 7 9 |  9.3

Action                   |  1- 3 |  4- 6 |  7- 9 | 10-12 | 13-15 | 16-18 | 19-21 | 22-24 || total
-------------------------+-------+-------+-------+-------+-------+-------+-------+-------++-------
Melee: Flail             |   109 |   298 |   480 |   803 |    59 |       |       |       ||  1749
       Morningstar       |       |       |       |       |  1021 |   127 |       |       ||  1148
       Demon whip        |       |       |       |       |       |  2242 |  2050 |   457 ||  4749
 Cast: Apportation       |       |       |       |       |       |       |       |     1 ||     1
Invok: Slouch            |       |       |       |       |       |     5 |     2 |     3 ||    10
 Abil: Fly               |       |       |       |       |       |     4 |       |       ||     4
       Stop Flying       |       |       |       |       |       |     4 |       |       ||     4
Evoke: Wand              |       |       |       |     2 |       |     6 |     4 |     3 ||    15
  Use: Scroll            |       |     8 |    13 |     4 |     8 |    15 |     6 |     2 ||    56
       Potion            |       |     1 |     5 |     3 |     1 |       |     3 |       ||    13
 Stab: Distracted        |       |       |       |     2 |       |       |       |       ||     2
       Sleeping          |       |       |       |     1 |       |       |       |       ||     1
  Eat: Chunk             |     1 |     9 |    13 |    19 |    10 |    18 |    15 |     3 ||    88
       Ration            |       |       |     1 |       |     1 |     3 |       |       ||     5
Armor: Scale mail        |    77 |   185 |   261 |       |       |       |       |       ||   523
       Leather armour    |       |       |     9 |   163 |       |       |       |       ||   172
       Plate armour      |       |       |       |   169 |   490 |   922 |   655 |   142 ||  2378
Dodge: Dodged            |    32 |   113 |   136 |   303 |   475 |  1191 |   898 |   176 ||  3324
       Repelled          |       |       |       |       |       |       |    47 |     9 ||    56
Block: Kite shield       |    71 |   149 |   270 |   448 |   881 |  2018 |  1508 |   311 ||  5656
